Map: [ESL] Data-C

Players

DRG

  • Race: Zerg Zerg
  • Spawn Location: 3:00

GuMiho - Winner!

  • Race: Terran Terran
  • Spawn Location: 9:00

Event: TSL 9

VOD

Have the link to the VOD?

Description

Time

  • Played on: July 29, 2022, 7:43 a.m.
  • Length: 9:10

All games in this series

Show
View Real Time Build Order
Export as new Build Order

DRG Zerg 

Build Orders: Hatch First 

Get SALT Encoding   

  12  0:00  Drone  
  13  0:12  Overlord  
  13  0:16  Drone  
  14  0:30  Drone x2  
  16  0:48  Hatchery  
  15  0:51  Drone  
  15  0:54  Drone  
  17  0:58  Drone  
  18  1:09  Extractor  
  17  1:13  Spawning Pool  
  17  1:17  Drone  
  17  1:20  Drone  
  18  1:27  Drone  
  19  1:38  Drone  
  20  1:49  Drone  
  21  2:00  Queen x2  
  25  2:07  Overlord  
  25  2:08  Drone  
  26  2:12  Drone x2  
  28  2:21  Hatchery  
  27  2:24  Drone  
  27  2:26  Drone  
  29  2:32  Drone x2  
  31  2:39  Queen  
  31  2:43  Metabolic Boost  
  33  2:47  Overlord  
  33  2:49  Drone  
  34  2:54  Drone  
  34  2:55  Drone  
  36  3:04  Overlord  
  36  3:05  Drone  
  36  3:09  Drone  
  36  3:10  Drone x2  
  40  3:14  Queen  
  40  3:15  Drone  
  43  3:21  Queen  
  43  3:24  Drone  
  46  3:27  Drone  
  46  3:28  Drone  
  46  3:33  Queen  
  50  3:34  Overlord  
  50  3:40  Drone  
  50  3:41  Drone  
  52  3:43  Zergling x4  
  52  3:45  Zergling x2  
  52  3:46  Overlord  
  52  3:48  Drone  
  56  3:49  Overlord  
  56  3:54  Queen  
  58  3:56  Drone  
  58  3:59  Drone x2  
  61  4:05  Drone x3  
  61  4:08  Drone  
  65  4:10  Queen  
  65  4:15  Drone x2  
  65  4:16  Drone x2  
  71  4:18  Overlord  
  71  4:21  Overlord  
  71  4:24  Drone x3  
  74  4:30  Queen, Overlord  
  76  4:38  Lair  
  76  4:39  Overlord  
  76  4:42  Overlord  
  76  4:43  Zergling x6  
  76  4:45  Drone x2  
  81  4:46  Drone, Extractor  
  81  4:49  Drone x3  
  81  4:52  Queen  
  84  4:57  Drone x3  
  84  4:58  Drone  
  90  5:00  Extractor x2  
  90  5:02  Roach Warren  
  90  5:04  Extractor  
  90  5:05  Drone x2, Extractor  
  90  5:06  Drone  
  88  5:08  Drone x2  
  88  5:10  Drone  
  88  5:12  Drone  
  92  5:15  Spore Crawler  
  92  5:17  Spore Crawler  
  92  5:18  Spore Crawler  
  92  5:20  Drone x4  
  93  5:25  Queen  
  96  5:28  Queen, Drone  
  98  5:36  Hatchery  
  97  5:43  Spire  
  97  5:44  Overlord  
  97  5:46  Zergling x2  
  97  5:48  Zergling x6  
  99  5:53  Zergling x6  
  99  5:56  Drone  
  103  5:58  Drone x2  
  103  5:59  Spore Crawler  
  103  6:00  Queen  
  103  6:04  Glial Reconstitution  
  106  6:13  Roach  
  106  6:14  Roach x5  
  114  6:23  Zergling x8  
  112  6:27  Roach x2  
  116  6:33  Spire  
  116  6:36  Drone x3  
  118  6:44  Drone x3  
  119  6:51  Drone  
  118  6:54  Drone  
  118  6:56  Overlord x3  
  118  6:57  Overlord  
  117  7:03  Overlord x2  
  117  7:06  Overlord x2  
  117  7:12  Overlord  
  117  7:14  Queen  
  119  7:17  Queen  
  117  7:29  Queen  
  100  7:40  Extractor  
  92  7:45  Corruptor x8  
  106  7:54  Extractor  
  106  7:57  Corruptor x4  
  113  8:00  Roach x2  
  113  8:04  Roach x3  
  119  8:10  Roach x2  
  119  8:12  Zergling x2  
  111  8:18  Roach  
  114  8:27  Roach x5  
  106  8:34  Roach x2  
  106  8:38  Ravager  
  106  8:41  Roach  
Show
View Real Time Build Order
Export as new Build Order

GuMiho Terran - Winner!

Build Orders: Command Center First (CC) 

Get SALT Encoding   

  12  0:00  SCV  
  13  0:12  SCV  
  14  0:17  Supply Depot  
  14  0:24  SCV  
  15  0:38  SCV  
  16  0:50  SCV  
  17  0:58  Command Center  
  17  1:03  SCV  
  18  1:12  Barracks  
  18  1:15  SCV  
  19  1:21  Refinery  
  19  1:27  SCV  
  19  1:29  Refinery  
  20  1:39  SCV  
  21  1:52  SCV  
  22  1:59  Reaper  
  23  2:04  Orbital Command  
  23  2:10  Orbital Command  
  23  2:17  Factory  
  23  2:29  SCV  
  24  2:31  Barracks Reactor  
  24  2:36  SCV  
  25  2:41  SCV  
  26  2:48  SCV, Refinery  
  26  2:50  Refinery  
  27  2:54  SCV  
  28  3:02  Supply Depot  
  28  3:03  Starport  
  28  3:04  SCV  
  29  3:06  SCV  
  29  3:12  Hellion x2  
  34  3:16  SCV  
  34  3:18  SCV, Barracks Tech Lab  
  36  3:26  Supply Depot  
  36  3:28  SCV  
  36  3:30  SCV  
  36  3:33  Hellion  
  36  3:34  Hellion  
  42  3:41  Fusion Core  
  42  3:49  SCV x2  
  42  3:52  Viking  
  46  3:58  Starport  
  46  4:04  SCV  
  46  4:05  SCV  
  48  4:10  Supply Depot  
  48  4:16  SCV  
  49  4:18  SCV  
  49  4:20  Supply Depot  
  50  4:28  Weapon Refit  
  50  4:30  SCV  
  54  4:31  SCV  
  54  4:38  Starport Tech Lab  
  52  4:42  SCV  
  52  4:43  Supply Depot, SCV  
  54  4:57  Battlecruiser x2  
  66  5:01  SCV x2  
  66  5:07  Supply Depot  
  68  5:08  Supply Depot  
  68  5:13  SCV x2  
  74  5:14  Hellion x2  
  74  5:25  SCV x2  
  76  5:30  Command Center  
  76  5:35  Supply Depot  
  80  5:36  Hellion x2  
  80  5:42  SCV x2  
  82  5:45  Supply Depot  
  82  5:56  SCV x2  
  84  6:01  Battlecruiser  
  94  6:05  Battlecruiser  
  94  6:08  SCV  
  97  6:13  SCV  
  97  6:16  Hellion x2  
  102  6:20  SCV  
  102  6:25  SCV  
  105  6:32  SCV  
  105  6:34  Armory  
  105  6:37  SCV, Hellion x2  
  110  6:45  SCV  
  111  6:49  SCV, Factory  
  111  6:50  Factory  
  112  6:57  SCV  
  114  7:01  SCV  
  114  7:05  Orbital Command  
  114  7:10  Battlecruiser  
  114  7:13  Refinery  
  106  7:32  SCV x2  
  106  7:36  SCV  
  109  7:38  Hellion x2  
  113  7:44  SCV x2  
  113  7:46  Factory Tech Lab x2  
  113  7:48  SCV  
  116  7:52  Engineering Bay  
  116  7:56  SCV x2  
  118  8:00  SCV  
  118  8:01  Battlecruiser  
  123  8:08  SCV x2  
  121  8:14  Hellion x2  
  125  8:20  Cyclone x2  
  125  8:25  SCV x2  
  123  8:31  SCV  
  120  8:36  Hellion x2  
  120  8:38  SCV  
  120  8:40  SCV  
  119  8:43  SCV  
  119  8:48  Refinery  
  116  8:50  SCV  
Tags
 
Add a new tag
Caveats
  • Supply blocks, unpowered buildings, or Contaminate may cause inaccurate times.
  • Supply counts are checked every 10 seconds.